AoeStats
← Manco Cápac

Golden Pit

507767927Analyzed
1v1 RM · 13d ago on Sep 19, 2026· 46m 20s· 2 players
Game mode
Random Map
Map size
Tiny (2 player)
Population
200
Speed
Normal
Resources
Standard
Victory
Conquest
Starting age
Dark Age
Ending age
Imperial Age
RankedLock teamsTeams togetherTeam positionsShared explorationLock speedFull tech treeHidden civsTurbo modeCheats
Victory
Defeat
🇨🇴 Sicilians · Colombia
1237
+18
🇧🇪 Japanese · Belgium
1286
-18
Manco Cápac
2:58 Loom
11:22 Feudal Age
15:05 Wheelbarrow
14:34 Horse Collar
19:00 Fletching
19:56 Arson
20:25 Forging
21:57 Scale Mail Armor
25:25 Castle Age
30:45 Bodkin Arrow
32:38 Ballistics
36:31 Imperial Age
34:45 Town Watch
36:00 Heavy Plow
37:27 Arrowslits
39:27 Murder Holes
41:29 Capped Ram
42:33 Bloodlines
42:32 Scale Barding Armor
41:51 Light Cavalry
42:58 Husbandry
45:50 Iron Casting
dzan
9:14 Feudal Age
7:30 Loom
9:19 Man-at-Arms
12:01 Double-Bit Axe
20:42 Castle Age
23:49 Fletching
30:21 Bloodlines
31:36 Bodkin Arrow
32:23 Town Watch
32:27 Light Cavalry
33:35 Padded Archer Armor
36:06 Horse Collar
38:35 Masonry
41:01 Imperial Age
39:07 Wheelbarrow
39:05 Scale Mail Armor
40:29 Forging
44:17 Chain Mail Armor
44:38 Iron Casting
44:33 Squires
44:19 Gambesons
46:37 Conscription
Connection lost

Rejoining the realm…

Still unreachable

The connection could not be restored.

Session expired

The server has moved on; the page needs a fresh start.